 Dungeon Crawl Stone Soup version 0.31-a0-198-g2ad674f65e (webtiles) character file.

Game seed: 16911375653649250963

14 qw the Shooter (level 2, -1/16 HPs)
             Began as a Deep Elf Hunter on June 25, 2023.
             Succumbed to their own poison gas
             ... on level 1 of the Dungeon.
             The game lasted 00:00:14 (644 turns).

qw the Shooter (Deep Elf Hunter)                     Turns: 644, Time: 00:00:14

Health: -1/16      AC:  6    Str:  8    XL:     2   Next: 27%
Magic:  4/4        EV:  8    Int: 13    God:
Gold:   67         SH:  0    Dex: 18    Spells: 1/1 levels left

rFire   . . .        Y - +0 shortbow
rCold   + . .        (shield currently unavailable)
rNeg    . . .        h - +0 scale mail
rPois   .            (no helmet)
rElec   .            (no cloak)
rCorr   .            (no gloves)
SInv    .            (no boots)
Will    .....        (no amulet)
Stlth   +            j - ring of protection from cold
HPRegen 0.22/turn    (no ring)
MPRegen 0.09/turn

%: no passive effects
@: lethally poisoned (-1 -> -6)
A: no striking features
a: no special abilities


You were on level 1 of the Dungeon.
You visited 1 branch of the dungeon, and saw 1 of its levels.

You collected 67 gold pieces.


   Skills:
 - Level 1.5 Fighting
 + Level 6.1 Ranged Weapons
 - Level 2.4 Dodging
 - Level 1.2 Stealth


You had one spell level left.
You didn't know any spells.
Your spell library was empty.

Inventory:

Hand Weapons
 Y - a +0 shortbow (weapon)
Armour
 h - a +0 scale mail (worn)
Jewellery
 j - a ring of protection from cold (left hand)
Potions
 d - a potion of cancellation {unknown}
 g - a potion of curing {unknown}

Dungeon Overview and Level Annotations

Branches:
Dungeon (1/15)

Altars:


Message History

You assume a fearsome visage.
Nothing appears to happen.
It was a scroll of fear.
Done exploring.
636 ||| READING scroll labelled RAQEQA KIMITU.
The air fills with toxic fumes!
As you read the scroll labelled RAQEQA KIMITU, it crumbles to dust.
It was a scroll of poison.
Done exploring.
637 ||| READING scroll labelled OMOTTO ZADEFU.
As you read the scroll labelled OMOTTO ZADEFU, it dissolves into smoke.
It was a scroll of fog.
Done exploring.
638 ||| DROPPING scroll of butterflies.
You drop a scroll of butterflies.
Done exploring.
(D) Dungeon
Where to? (* - list waypoints, ? - help)
What level of the Dungeon? (default 1, ? - help) Sorry, I don't know how to get there.
Enter note:
Enter note:
Enter note:
Enter note:
Enter note:
Enter note: Really walk into that cloud of poison gas?
You are engulfed in poison gas.
You are lethally poisoned!
You feel very sick.
640 ||| Stepping ~*~*~tactically~*~*~ (cloud).
You feel very sick.
Things that are here:
a scroll of butterflies; a +0 leather armour
There is a lethal amount of poison in your body!
You feel very sick.
There is a lethal amount of poison in your body!
You feel sick.
There is a lethal amount of poison in your body!
You feel sick.
There is a lethal amount of poison in your body!
You die...

..# #.#.# #.##...#
#.#
.######.#.####......#
#.#
.##.......).##......#
#.#
.##.###.#.#[##..>..}#
#.#
........#.#.#########
#####.#
..#.#####.#(...¤¤¤#
#.....# .##.#
#.######¤## #.#####
.##.# #.######0# #.#
....# #0¤¤¤¤¤¤@# #.#
.#..#
###############.#
....# #.......)..#
.#### #.########## ##
#.# # #.# # #.# # #.#
# #.#


There were no monsters in sight!

Vanquished Creatures
  3 ball pythons (D:1)
  3 endoplasms (D:1)
  3 goblins (D:1)
  A frilled lizard (D:1)
  2 kobolds (D:1)
12 creatures vanquished.

Notes
Turn   | Place    | Note
-------+----------+-------------------------------------------
     0 | D:1      | qw the Deep Elf Hunter began the quest for the Orb.
     0 | D:1      | Reached XP level 1. HP: 12/12 MP: 3/3
     0 | D:1      | 0 ||| qw: Version: 0.3-a-22-g0ed2b0b
     0 | D:1      | 0 ||| qw: Game counter: 5395
     0 | D:1      | 0 ||| qw: Melee chars always use a shield: true
     0 | D:1      | 0 ||| qw: God list: Okawaru
     0 | D:1      | 0 ||| qw: Allow faded altars: false
     0 | D:1      | 0 ||| qw: Do Orc after clearing Dungeon:15 true
     0 | D:1      | 0 ||| qw: Do second Lair branch before Depths: true
     0 | D:1      | 0 ||| qw: Lair rune preference: random
     0 | D:1      | 0 ||| qw: Goals: Normal
     0 | D:1      | 0 ||| PLANNING D:1-11
   251 | D:1      | Reached XP level 2. HP: 16/16 MP: 4/4
   293 | D:1      | Reached skill level 6 in Ranged Weapons
   623 | D:1      | 623 ||| UPGRADING to +0 scale mail.
   633 | D:1      | 633 ||| DROPPING +0 leather armour.
   634 | D:1      | 634 ||| UPGRADING to ring of protection from cold.
   635 | D:1      | 635 ||| READING scroll labelled KINY BETEUFF.
   636 | D:1      | 636 ||| READING scroll labelled RAQEQA KIMITU.
   637 | D:1      | 637 ||| READING scroll labelled OMOTTO ZADEFU.
   638 | D:1      | 638 ||| DROPPING scroll of butterflies.
   640 | D:1      | 640 ||| Stepping ~*~*~tactically~*~*~ (cloud).
   641 | D:1      | HP: 3/16 [poisoned by you (poison gas)]
   642 | D:1      | HP: 1/16 [poisoned by you (poison gas)]
   644 | D:1      | Succumbed to their own poison gas

Levels and vault maps discovered:
D:1:      amcnicky_arrival_flooded_fountain, layout_loops_ring, minivault_25

Skill      XL: |  1  2 |
---------------+-------+-----
Ranged Weapons | 6 |  6.1
Fighting       | |  1.5
Dodging        | |  2.4
Stealth        | |  1.2

Action                     || total
---------------------------++-------
   Fire: Shortbow          ||    38
    Use: Scroll            ||     3
 Armour: Leather armour    ||     3
  Dodge: Dodged            ||    10

Table legend:
 A = Non-vault XP
 B = Vault XP
 C = Vault XP percentage of total XP
 D = Non-vault monster count
 E = Vault monster count
 F = Vault count percentage of total count
                 A         B        C        D         E       F
            +---------+---------+-------+---------+---------+-------
      Total |      20 |       0 |   0.0 |      12 |       0 |   0.0
            +---------+---------+-------+---------+---------+-------
        D:1 |      20 |       0 |   0.0 |      12 |       0 |   0.0
            +---------+---------+-------+---------+---------+-------
